 Dungeon Crawl Stone Soup version 0.20.1-1-g8b1a95d (webtiles) character file.

422 Inarius the Grave Robber (level 6, -8/44 HPs)
             Began as a Demonspawn Necromancer on July 7, 2017.
             Killed by divine providence
             ... invoked by an orc priest
              (11 damage)
             ... on level 4 of the Dungeon.
             The game lasted 00:15:50 (4523 turns).

Inarius the Grave Robber (Demonspawn Necromancer)   Turns: 4523, Time: 00:15:51

Health: -8/44      AC: 11    Str:  7 (8)  XL:     6   Next: 63%
Magic:  0/11       EV: 10    Int: 16 (18) God:
Gold:   168        SH:  0    Dex: 12 (14) Spells: 4/12 levels left

rFire    . . .     SeeInvis .   e - -2 dagger (curse)
rCold    . . .     Gourm    .   (no shield)
rNeg     . . .     Faith    .   s - +0 ring mail
rPois    .         Spirit   .   o - +0 helmet
rElec    .         Reflect  .   p - +0 cloak
rCorr    +         Harm     .   a - +1 pair of gloves
MR       .....                  (no boots)
Stlth    +.........             (no amulet)
Regen    0.2/turn               v - ring of resist corrosion
MPRegen  0.2/turn               (no ring)

@: no status effects
A: iridescent scales 1
a: no special abilities


You were on level 4 of the Dungeon.
You were not hungry.

You visited 1 branch of the dungeon, and saw 4 of its levels.

You collected 168 gold pieces.

Inventory:

Hand Weapons
 e - a cursed -2 dagger (weapon)
 g - a +3 quarterstaff of chaos
 k - a +0 whip
 l - a +2 vampiric spear
 n - a +2 dagger of venom
 q - a +0 mace of protection
Armour
 a - a +1 pair of gloves (worn)
 o - a +0 helmet (worn)
 p - a +0 cloak (worn)
 r - a cursed -2 leather armour
 s - a +0 ring mail (worn)
 y - a +0 scale mail
Jewellery
 f - a +3 ring of protection {unknown}
 h - a cursed amulet of inaccuracy {unknown}
 t - an uncursed amulet of faith {unknown}
 v - a ring of resist corrosion (left hand)
Scrolls
 i - 2 scrolls of identify
 w - a scroll of random uselessness {unknown}
 x - a scroll of enchant weapon
Potions
 d - a potion of cancellation
Books
 b - a book of Necromancy

   Spells                             Type                      Level
   a - Pain                           Necromancy                   1
   b - Animate Skeleton               Necromancy                   1
   c - Vampiric Draining              Necromancy                   3
   d - Regeneration                   Charms/Necromancy            3
   e - Animate Dead                   Necromancy                   4
   f - Control Undead                 Necromancy                   4
Comestibles
 c - 5 bread rations
 j - 9 chunks of flesh
 m - a meat ration
 u - a royal jelly


   Skills:
 * Level 1.7 Fighting
 - Level 0.3 Short Blades
 + Level 1.4 Armour
 + Level 2.5 Dodging
 - Level 1.7 Stealth
 + Level 3.7 Spellcasting
 * Level 1.2 Charms
 * Level 6.4 Necromancy


You had 4 spell levels left.
You knew the following spells:

 Your Spells              Type           Power        Failure   Level  Hunger
a - Pain                  Necr           ###.         4%          1    None
b - Animate Skeleton      Necr           N/A          4%          1    None
c - Vampiric Draining     Necr           ###.......   12%         3    ###....
d - Regeneration          Chrm/Necr      ###.......   34%         3    ###....


Dungeon Overview and Level Annotations

Branches:
Dungeon (4/15)
 Temple: D:4-7

Altars:
Cheibriados
Dithmenos
Fedhas
Trog
Yredelemnul


Innate Abilities, Weirdness & Mutations

You are partially covered in iridescent scales. (AC +2)


Message History

You closely miss the orc priest.
The orc priest is almost dead.
The orc priest closely misses you.
You hit the orc priest but do no damage.
The orc priest is almost dead.
The orc priest hits you but does no damage.
You closely miss the orc priest.
The orc priest is almost dead.
The orc priest barely misses you.
Casting: Pain
Confirm with . or Enter, or press ? or * to list all spells.
Aiming: Pain
Press: ? - help, Shift-Dir - straight line, f/p - orc priest
Aim: an orc priest, wielding a mace and wearing a leather armour (almost dead, chance to defeat MR: 83%)
The orc priest barely resists.
You hit the orc priest but do no damage.
The orc priest is almost dead.
The orc priest calls down the wrath of Beogh upon you.
Beogh smites you!
You die...

........#.#######.............#.#
).......#...........#######'###..
.)......#...........# #.# ###
..[.....#...........# #.#
####o####...........# #.##### #o#
#..(Z.......#######...... #.#
#)######.................
#.####.#######################
#...........o@.........
######.################ #.# #.#
#.# #.# #.# #.#


You could see an orc priest.

Vanquished Creatures
  4 killer bees
  Crazy Yiuf (D:2)
  2 orc wizards (D:4)
  Robin (D:2)
  5 adders
  A worm (D:2)
  A dart slug (D:3)
  3 leopard geckos
  9 orcs
  4 giant cockroaches
  14 goblins
  9 hobgoblins
  11 bats
  6 frilled lizards
  5 kobolds
  A leopard gecko skeleton (D:4)
  6 rats
  A fungus (D:2)
84 creatures vanquished.

Vanquished Creatures (collateral kills)
  A hound (D:4)
  2 goblins (D:2)
  A hobgoblin (D:2)
  A kobold (D:1)
5 creatures vanquished.

Grand Total: 89 creatures vanquished

Notes
Turn   | Place    | Note
-------+----------+-------------------------------------------
     0 | D:1      | Inarius the Demonspawn Necromancer began the quest for the Orb.
     0 | D:1      | Reached XP level 1. HP: 13/13 MP: 3/3
     4 | D:1      | Learned a level 1 spell: Animate Skeleton
   595 | D:1      | Gained mutation: You are partially covered in iridescent scales. (AC +2) [demonic ancestry]
   595 | D:1      | Reached XP level 2. HP: 20/20 MP: 3/5
   791 | D:1      | Reached skill level 1 in Fighting
  1425 | D:2      | Reached XP level 3. HP: 21/26 MP: 4/6
  1752 | D:2      | Reached skill level 1 in Armour
  1761 | D:2      | Found a faded altar of an unknown god.
  2128 | D:2      | Noticed Robin
  2179 | D:2      | Killed Robin
  2179 | D:2      | Reached XP level 4. HP: 18/32 MP: 1/8
  2183 | D:2      | Reached skill level 5 in Necromancy
  2794 | D:2      | Learned a level 3 spell: Vampiric Draining
  2798 | D:2      | Learned a level 3 spell: Regeneration
  2887 | D:2      | Found a basalt altar of Yredelemnul.
  2891 | D:2      | Found a shadowy altar of Dithmenos.
  2891 | D:2      | Found a blossoming altar of Fedhas.
  2932 | D:2      | Found a bloodstained altar of Trog.
  2932 | D:2      | Found a snail-covered altar of Cheibriados.
  3117 | D:2      | Found a runed door.
  3121 | D:2      | Noticed Crazy Yiuf
  3131 | D:2      | Killed Crazy Yiuf
  3403 | D:3      | Reached XP level 5. HP: 36/37 MP: 6/9
  3867 | D:3      | Reached skill level 6 in Necromancy
  3867 | D:3      | Reached XP level 6. HP: 32/43 MP: 1/11
  3908 | D:3      | Reached skill level 1 in Charms
  4523 | D:4      | Killed from afar by an orc priest

Skill      XL: |  1  2  3  4  5  6 |
---------------+-------------------+-----
Fighting       | 1 |  1.7
Armour         | 1 |  1.4
Dodging        | 2 |  2.5
Necromancy     | 5 6 |  6.4
Spellcasting   | 3 |  3.7
Charms         | 1 |  1.2
Short Blades   | |  0.3
Stealth        | |  1.7

Action                   |  1- 3 |  4- 6 || total
-------------------------+-------+-------++-------
Melee: Dagger            |    42 |   186 ||   228
 Cast: Pain              |    66 |    61 ||   127
       Animate Skeleton  |    18 |    13 ||    31
       Vampiric Draining |       |    15 ||    15
       Regeneration      |       |     1 ||     1
  Use: Scroll            |     2 |     1 ||     3
       Potion            |       |     8 ||     8
 Stab: Sleeping          |     2 |       ||     2
       Distracted        |       |     1 ||     1
       Invisible         |       |     2 ||     2
  Eat: Chunk             |     5 |     5 ||    10
       Bread ration      |       |     1 ||     1
Armor: Robe              |    20 |       ||    20
       Animal skin       |       |    55 ||    55
       Ring mail         |       |    27 ||    27
Dodge: Dodged            |    49 |   117 ||   166
